[Event "Early-Titled-Tuesday-Blitz-June-18-2024"]
[Site "Chess.com"]
[Date "2024.06.18"]
[Round "8"]
[White "ShahMatKanal"]
[Black "Caroexpert"]
[Result "1-0"]
[WhiteElo "2496"]
[BlackElo "2628"]
[TimeControl "180+1"]
[EndTime "9:30:34 PDT"]
[Termination "ShahMatKanal won on time"]

1. Nf3 d5 2. g3 c5 3. Bg2 Nc6 4. O-O e5 5. d3 Be7 6. e4 d4 7. a4 h5 8. h4 Be6 9. Na3 f6 10. Nc4 Nh6 11. Nh2 Ng4 12. Nxg4 hxg4 13. f4 Bxc4 14. dxc4 exf4 15. Qxg4 Ne5 16. Qxg7 Kd7 17.
Bxf4 Rg8 18. Qh7 Kc6 19. Bh3 Qd6 20. Kh2 Kb6 21. a5+ Ka6 22. Qf5 Raf8 23. Bxe5 fxe5 24. Qd7 Qxd7 25. Bxd7 b6 26. axb6+ Kxb6 27. Bf5 Rf6 28. Rf3 Kb7 29. Rb3+ Rb6 30. Rba3 a6 31. b3 Rh6 32.
Kh3 Bg5 33. Rf1 Be3 34. Rf3 Kb6 35. Ra1 a5 36. Re1 Bd2 37. Ref1 Be3 38. Bg4 a4 39. bxa4 Ka5 40. Rf6 1-0

[Event "Early-Titled-Tuesday-Blitz-June-18-2024"]
[Site "Chess.com"]
[Date "2024.06.18"]
[Round "8"]
[White "rookpower2004"]
[Black "xakevicius91"]
[Result "1-0"]
[WhiteElo "2493"]
[BlackElo "2624"]
[TimeControl "180+1"]
[EndTime "9:30:34 PDT"]
[Termination "rookpower2004 won by checkmate"]

1. e4 c5 2. Nf3 e6 3. d3 Nc6 4.
Nbd2 Nf6 5. g3 d6 6. Bg2 Be7 7.
O-O O-O 8. Re1 Bd7 9. c3 b5 10. d4 cxd4 11. cxd4 Qb6 12. Nb3 d5 13. e5 Ne4 14.
Rxe4 dxe4 15. Ng5 Rad8 16. Nxe4 Nb4 17. Qg4 f5 18. exf6 Bxf6 19. Nxf6+ Rxf6 20. Bg5 Rg6 21. Bxd8 Qxd8 22. Qe2 a6 23. Nc5 Bc8 24. a3 Nd5 25. Re1 Rf6 26. Qe5 Ne7 27. Bh3 Nc6 28. Qe4 Nxd4 29.
Rd1 e5 30. Bg2 Qe7 31. Rxd4 Qxc5 32. Rd8+ Kf7 33. Bf3 h6 34. h4 Ke7 35. Rd5 Qc1+ 36.
Kg2 Re6 37. Rxe5 Qxb2 38. Rxe6+ Bxe6 39. Qb7+ Kf6 40. Qxa6 Qxa3 41. Qxa3 Bc4 42. Qc5 g5 43. Qd6+ Kf7 44. hxg5 hxg5 45. Bd5+ Bxd5+ 46. Qxd5+ Kf6 47. Qxb5 g4 48. f3 gxf3+ 49. Kxf3 Kg6 50. Kf4 Kf6 51. g4 Kg6 52. g5 Kg7 53. Qc6 Kf7 54. Kf5 Kg7 55. Qd7+ Kg8 56. Kf6 Kh8 57. Qg7# 1-0

[Event "Early-Titled-Tuesday-Blitz-June-18-2024"]
[Site "Chess.com"]
[Date "2024.06.18"]
[Round "8"]
[White "Boudicca64"]
[Black "mfschulz"]
[Result "1-0"]
[WhiteElo "1856"]
[BlackElo "2207"]
[TimeControl "180+1"]
[EndTime "9:30:34 PDT"]
[Termination "Boudicca64 won by resignation"]

1. e4 c5 2. g3 Nc6 3. Bg2 g6 4. c3 Bg7 5. Ne2 e5 6. O-O Nge7 7.
d3 O-O 8. Be3 d6 9. d4 cxd4 10.
cxd4 exd4 11. Nxd4 Nxd4 12. Bxd4 f6 13. Nc3 Nc6 14.
Be3 Be6 15. Qd2 Qe7 16. f4 Rad8 17. Nd5 Bxd5 18. exd5 Na5 19. b3 b6 20. Rfe1 Rfe8 21. Bd4 Qf7 22. Re6 Nb7 23. Rae1 Nc5 24. Bxc5 dxc5 25.
Qe3 Rxe6 26. dxe6 Qe7 27. f5 gxf5 28. Qe2 f4 29. Rd1 Rxd1+ 30. Qxd1 fxg3 31. hxg3 f5 32. Qd5 Bd4+ 33. Kf1 Qg5 34. e7+ Kg7 35. e8=Q Qc1+ 36. Qe1 Qxe1+ 37. Kxe1 Kf6 38. Qc6+ Kg5 39. Bd5 Kg4 40. Qe6 Kxg3 41. Qxf5 Kh4 42. Qxh7+ Kg5 43. Qxa7 Kf4 44. Qxb6 Ke3 45. Qb5 Kf4 46. a4 Ke5 47. a5 Kxd5 48. a6 Bc3+ 49. Ke2 Be5 50. a7 Ke4 51. a8=Q+ Kf4 52. Qbe8 Kg5 53. Qxe5+ Kg4 54.
Qf8 1-0

[Event "Early-Titled-Tuesday-Blitz-June-18-2024"]
[Site "Chess.com"]
[Date "2024.06.18"]
[Round "8"]
[White "scarabee43"]
[Black "slidingknight2775"]
[Result "1-0"]
[WhiteElo "2874"]
[BlackElo "2691"]
[TimeControl "180+1"]
[EndTime "9:30:36 PDT"]
[Termination "scarabee43 won by resignation"]

1. Nf3 Nf6 2. c4 e6 3. b3 d5 4.
Bb2 c5 5. cxd5 exd5 6. e3 Nc6 7. d4 cxd4 8. Nxd4 Bb4+ 9. Bc3 Qb6 10. Nxc6 bxc6 11.
Bd3 O-O 12. O-O Bxc3 13. Nxc3 Bg4 14. Qc2 Rac8 15. Na4 Qb8 16. Nc5 Rfe8 17. Rac1 Qd6 18. Qc3 Be6 19. h3 h6 20. Rfd1 Qd8 21. Ba6 Rc7 22. Rd4 Nd7 23. Qa5 Nb6 24. Bf1 Qf6 25.
Na4 Rec8 26. Nxb6 axb6 27. Qxb6 c5 28. Rd2 Rc6 29. Qb7 c4 30. bxc4 dxc4 31. a4 c3 32. Rd4 R6c7 33. Qb4 Qg6 34. Bd3 Qg5 35. h4 Qc5 36. a5 Qxb4 37. Rxb4 Rc5 38. a6 Ra5 39. Rb6 Kf8 40. Be4 Ke7 41. Rb7+ Kf6 42. Bd3 Bd5 43.
Rb6+ Ke7 44. e4 Be6 45. f4 Bg4 46. Rb7+ Kf8 47. e5 Be6 48. a7 Ke8 49. Be4 Kd8 50. Rd1+ Ke8 51. Rd6 c2 52. Bxc2 Rxc2 53. Rb8+ Rc8 54.
Rxe6+ fxe6 55. Rxc8+ Kd7 56. a8=Q Rxa8 1-0

[Event "Early-Titled-Tuesday-Blitz-June-18-2024"]
[Site "Chess.com"]
[Date "2024.06.18"]
[Round "8"]
[White "savitha1030"]
[Black "UK_23"]
[Result "1-0"]
[WhiteElo "2584"]
[BlackElo "2409"]
[TimeControl "180+1"]
[EndTime "9:30:36 PDT"]
[Termination "savitha1030 won by resignation"]

1. e4 c6 2. d4 d5 3. Nc3 dxe4 4. Nxe4 Nf6 5. Nxf6+ exf6 6. c3 Bd6 7. Bd3 O-O 8.
Qc2 Re8+ 9. Ne2 h5 10. Be3 Nd7 11. O-O-O h4 12. Kb1 Nf8 13. c4 Be6 14. a3 Rc8 15. Nc3 Qd7 16. d5 cxd5 17. c5 Bxc5 18. Bb5 Bf5 19.
Bxd7 Bxc2+ 20. Kxc2 Nxd7 21. Rxd5 Bxe3 22. Rxd7 Bxf2 23. Rxb7 Bd4 24. Rd1 Red8 25. Rd3 f5 26. a4 g6 27. a5 a6 28. Rb4 Bf6 29. Rb6 Rxd3 30. Kxd3 Rd8+ 31. Kc4 Rc8+ 32. Kb3 Bxc3 33. bxc3 f4 34. Rxa6 Kg7 35. h3 Rc5 36. Kb4 Rf5 37.
Rd6 f3 38. gxf3 Rxf3 39. a6 Rf1 40. a7 Ra1 41. Rd7 g5 42. Kb5 g4 43. hxg4 h3 44.
Rd3 h2 45. Rh3 Rxa7 46. Rxh2 Kg6 47. c4 Kg5 48. Rg2 Kf4 49. c5 Kf3 50. Rg1 Kf2 51.
Rd1 Kg3 52. Rd4 Kf3 53. c6 Ke3 54. Rc4 Ra1 55. c7 Rb1+ 56. Ka4 Ra1+ 57. Kb3 Rb1+ 58. Kc2 1-0

[Event "Early-Titled-Tuesday-Blitz-June-18-2024"]
[Site "Chess.com"]
[Date "2024.06.18"]
[Round "8"]
[White "InitiatingASC"]
[Black "BestestBP"]
[Result "1-0"]
[WhiteElo "2426"]
[BlackElo "2260"]
[TimeControl "180+1"]
[EndTime "9:30:36 PDT"]
[Termination "InitiatingASC won by checkmate"]

1. d4 Nf6 2. c4 d6 3. g3 g6 4. Nf3 Bg7 5. Bg2 Nbd7 6. O-O O-O 7. b3 e5 8. Bb2 exd4 9. Bxd4 Re8 10. Nbd2 c6 11.
e3 Qc7 12. Qc2 b6 13. Rad1 Bb7 14. Qb2 Nh5 15. Bxg7 Nxg7 16. Nb1 Rad8 17. Rd2 Nc5 18. Nc3 Bc8 19. Rfd1 Bg4 20. h3 Bf5 21. Nd4 Bd7 22. Nde2 Bc8 23. g4 Nge6 24. Ng3 Ng5 25. h4 Nge6 26.
Nce4 Nxe4 27. Nxe4 Ng7 28. Nf6+ Kh8 29. Rxd6 Rxd6 30.
Rxd6 Rd8 31. Rxd8+ Qxd8 32. g5 Bf5 33. Bxc6 Qd1+ 34.
Kh2 Qd6+ 35. f4 Qxc6 36. Qe5 Qc8 37. h5 Qe6 38. Qb8+ Qc8 39. Qxa7 Nxh5 40. Qxf7 Nxf6 41.
gxf6 Qg8 42. Qe7 Be6 43. Qd6 h5 44. Qxb6 Qf7 45. Qd8+ Kh7 46. a4 Qd7 47. Qxd7+ Bxd7 48. e4 Kg8 49. e5 Kf7 50. a5 Be6 51. a6 Bc8 52. a7 Bb7 53. b4 Ke6 54. Kg3 g5 55. fxg5 Kf7 56. Kh4 Kg6 57. e6 Bf3 58. b5 Bb7 59. c5 Bd5 60. c6 Bxe6 61. a8=Q Bf7 62. Qh8 Be8 63. Qxe8+ Kh7 64. Qf7+ Kh8 65. Qg7# 1-0

[Event "Early-Titled-Tuesday-Blitz-June-18-2024"]
[Site "Chess.com"]
[Date "2024.06.18"]
[Round "8"]
[White "koncheto"]
[Black "Casper"]
[Result "0-1"]
[WhiteElo "2626"]
[BlackElo "2495"]
[TimeControl "180+1"]
[EndTime "9:30:37 PDT"]
[Termination "Casper won by checkmate"]

1. e4 c6 2. d4 d5 3. Nc3 dxe4 4. Nxe4 a5 5. Nf3 Nf6 6. Neg5 Bg4 7. Bc4 e6 8. h3 Bxf3 9. Qxf3 h6 10. Nxf7 Kxf7 11.
O-O Bd6 12. Re1 Re8 13. Bxh6 gxh6 14. Rxe6 Rxe6 15. Re1 b5 16. Bxe6+ Kg7 17. Bf5 Ra7 18. g4 Re7 19. Rd1 Bc7 20. h4 Qd6 21. g5 hxg5 22. hxg5 Qh2+ 23. Kf1 Nd5 24. b3 Nd7 25. c4 bxc4 26.
bxc4 Nf4 27. Qxc6 Ne2 28. Qf3 Bg3 29. Qg2 Qh4 30. fxg3 Nxg3+ 31. Kg1 Nxf5 32. d5 Ne3 33. Qb2+ Kg6 34. Qb1+ Kh5 35. Rd2 Qg3+ 36. Kh1 Kg4 37. Qd3 Ne5 38. Qe4+ Kh3 39. Qh7+ Rxh7 40. Rg2 Qxg2# 0-1

[Event "Early-Titled-Tuesday-Blitz-June-18-2024"]
[Site "Chess.com"]
[Date "2024.06.18"]
[Round "8"]
[White "Durarbayli"]
[Black "KNVB"]
[Result "1-0"]
[WhiteElo "2965"]
[BlackElo "2832"]
[TimeControl "180+1"]
[EndTime "9:30:38 PDT"]
[Termination "Durarbayli won on time"]

1. e4 b6 2. d4 Bb7 3. Nc3 e6 4. Bd3 Nf6 5. Nf3 Bb4 6. e5 Ne4 7. Bd2 Bxc3 8. Bxc3 f5 9. Bb4 Nc6 10. Ba3 Ne7 11. Nd2 O-O 12. f3 Nxd2 13. Qxd2 a5 14. O-O Rf7 15. c4 Qb8 16. Rad1 Ba6 17.
Rfe1 b5 18. b3 b4 19. Bb2 Bb7 20. Bf1 Bc6 21. Kh1 Qb7 22. Re3 a4 23. Rd3 axb3 24.
axb3 h6 25. d5 exd5 26. cxd5 Bb5 27. e6 Rff8 28. Qxb4 d6 29. Rc3 Rab8 30. Qd4 Rf6 31. Bxb5 Qxb5 32. Rxc7 Rb7 33. Rxb7 Qxb7 34. Qc4 Rg6 35. Ba3 f4 36. Bxd6 Nf5 37. Bxf4 Kh7 38. Re1 Nh4 39. Bg3 Nf5 40. Qe4 Ne7 41. d6 Nc6 42. e7 Qb4 43. e8=Q 1-0

[Event "Early-Titled-Tuesday-Blitz-June-18-2024"]
[Site "Chess.com"]
[Date "2024.06.18"]
[Round "8"]
[White "WilliamAlfaroCaracas"]
[Black "KorolDimitriy75"]
[Result "1-0"]
[WhiteElo "2376"]
[BlackElo "2511"]
[TimeControl "180+1"]
[EndTime "9:30:39 PDT"]
[Termination "WilliamAlfaroCaracas won on time"]

1. d4 Nf6 2. c4 c5 3. d5 b5 4. cxb5 a6 5. bxa6 g6 6. Nc3 Bxa6 7. Nf3 d6 8. e4 Bxf1 9. Kxf1 Bg7 10. g3 Nbd7 11. Kg2 O-O 12. Re1 Ng4 13. Nd2 Nge5 14. Qe2 Nb6 15. a4 Qd7 16. a5 Rfb8 17. Ra3 Nc8 18. f4 Ng4 19. Nc4 Nf6 20. Na4 Qb5 21.
Bd2 Nd7 22. Bc3 Qb7 23. Qd3 Nf6 24. Re2 Ra6 25. h3 h5 26. Kh2 Qa8 27. Rd2 Kh7 28. e5 Ng8 29. f5 Nh6 30. fxg6+ fxg6 31. e6 Bxc3 32. Nxc3 Na7 33. Ne4 Nb5 34. Ng5+ Kg7 35. Ra1 Rf8 36. Re1 Nd4 37. Ne3 Rxa5 38. Qe4 Ra2 39. g4 hxg4 40. hxg4 Qa5 41. Kg3 1-0

[Event "Early-Titled-Tuesday-Blitz-June-18-2024"]
[Site "Chess.com"]
[Date "2024.06.18"]
[Round "8"]
[White "the_chess_child"]
[Black "chessbaerchen"]
[Result "1-0"]
[WhiteElo "2868"]
[BlackElo "2690"]
[TimeControl "180+1"]
[EndTime "9:30:40 PDT"]
[Termination "the_chess_child won by checkmate"]

1. e4 e6 2. d3 d5 3. Nd2 Nc6 4. Ngf3 e5 5. g3 dxe4 6. Nxe4 Nf6 7. Nxf6+ Qxf6 8. Bg2 Bc5 9. Bg5 Qg6 10. O-O O-O 11. Qd2 h6 12. Be3 Bd6 13. d4 exd4 14. Nxd4 Nxd4 15.
Bxd4 c6 16. Rad1 Bc7 17. Rfe1 Bf5 18. c3 a5 19. Re7 Rac8 20. Rde1 b6 21. h4 c5 22. Be5 Bxe5 23. R1xe5 Be6 24. Qf4 Qb1+ 25. Kh2 Rce8 26. Rb7 Qxb2 27. Rxc5 Bxa2 28. Rcc7 Re2 29. Kg1 Be6 30. Qd4 b5 31. Bf3 Re1+ 32. Kg2 Qb1 33. Re7 Rh1 34. Be2 Rh3 35. Bf1 Qf5 36. Rxb5 Qxb5 37. Bxb5 Rb8 38. Rxe6 Rxb5 39. Re8+ Kh7 40. Qd3+ g6 41. Qxb5 Rxh4 42. gxh4 Kg7 43. Qe5+ f6 44. Qe7# 1-0

[Event "Early-Titled-Tuesday-Blitz-June-18-2024"]
[Site "Chess.com"]
[Date "2024.06.18"]
[Round "8"]
[White "GM_dmitrij"]
[Black "klimkoj"]
[Result "1-0"]
[WhiteElo "3042"]
[BlackElo "2899"]
[TimeControl "180+1"]
[EndTime "9:30:41 PDT"]
[Termination "GM_dmitrij won on time"]

1. e4 c5 2. Nf3 d6 3. Nc3 Nf6 4. d4 cxd4 5. Nxd4 a6 6. f4 e5 7.
Nb3 Be7 8. fxe5 dxe5 9. Qxd8+ Bxd8 10. Be3 b6 11. Be2 Bb7 12. Bf3 Nbd7 13. g4 h6 14. Ke2 Nf8 15. h4 Ne6 16. g5 Nd7 17. gxh6 gxh6 18. Nd5 Rc8 19. c3 h5 20. Nd2 a5 21. b4 Ba6+ 22. Kf2 a4 23. Be2 Bxe2 24.
Kxe2 Nf6 25. c4 Ng4 26. Rac1 Nxe3 27. Kxe3 Rg8 28. Nf3 f6 29. Kd3 Rg3 30. Rhf1 Nd4 31. Ke3 Rh3 32. a3 Kd7 33. Rc3 Ke6 34. Rf2 f5 35.
exf5+ Kxf5 36. Kd2 Nxf3+ 37. Rcxf3+ Rxf3 38. Rxf3+ Kg4 39. Rf8 Bg5+ 40. hxg5 Rxf8 41. g6 Kg5 42. g7 1-0

[Event "Early-Titled-Tuesday-Blitz-June-18-2024"]
[Site "Chess.com"]
[Date "2024.06.18"]
[Round "8"]
[White "artin10862"]
[Black "Evan_Attaker"]
[Result "1-0"]
[WhiteElo "2947"]
[BlackElo "2731"]
[TimeControl "180+1"]
[EndTime "9:30:42 PDT"]
[Termination "artin10862 won on time"]

1. a4 g6 2. a5 Bg7 3. d4 Nf6 4. Nf3 O-O 5. Bf4 c5 6. dxc5 Ne4 7. c3 Nxc5 8. Be3 Ne4 9. Bd4 Nc6 10. Bxg7 Kxg7 11.
e3 Nxa5 12. Qa4 Qb6 13. Qxe4 Qxb2 14. Rxa5 b6 15. Qd4+ e5 16. Rxe5 Qxb1+ 17. Qd1 Qb2 18. Rd5 Qxc3+ 19. Rd2 a5 20. Bb5 Bb7 21. O-O Bxf3 22.
gxf3 Qe5 23. Rd5 Qe6 24. Qd4+ Kg8 25. Bxd7 Qe7 26. Rd1 Rfd8 27. Bb5 Rxd5 28. Qxd5 Rc8 29. f4 Qb4 30. Qd7 Rc5 31. Bf1 a4 32. Rd4 Qb1 33.
Qxa4 Rc1 34. Rd8+ Kg7 35. Qd4+ Kh6 36. Qd3 Qa1 37. Kg2 Qf6 38. Rd5 Qh4 39. Be2 Rc7 40.
Qd4 Rc1 41. Qe4 1-0

[Event "Early-Titled-Tuesday-Blitz-June-18-2024"]
[Site "Chess.com"]
[Date "2024.06.18"]
[Round "8"]
[White "suyu28"]
[Black "rasmussvane"]
[Result "0-1"]
[WhiteElo "2767"]
[BlackElo "2968"]
[TimeControl "180+1"]
[EndTime "9:30:42 PDT"]
[Termination "rasmussvane won on time"]

1. d4 d5 2. c4 e6 3. Nf3 a6 4. cxd5 exd5 5. Nc3 Nf6 6. Bg5 Be6 7.
e3 Nbd7 8. Bd3 Bd6 9. O-O c6 10.
Bf4 Qc7 11. Bxd6 Qxd6 12. Qc2 Bg4 13. Nd2 c5 14. dxc5 Nxc5 15. Nb3 Nxb3 16. Qxb3 O-O 17. Ne2 Bxe2 18. Bxe2 Rfc8 19. Rac1 b5 20. Rfd1 h6 21. Bf3 Rxc1 22. Rxc1 Rd8 23. Qc3 d4 24. exd4 Qxd4 25. Qc2 Qd2 26. g3 g6 27. Kg2 Kg7 28. h4 h5 29. Kg1 a5 30. Kg2 Rd4 31. Qc3 b4 32. Qc2 Nd7 33. a3 Ne5 34. axb4 axb4 35. Bb7 b3 36. Qc3 Ng4 37. Rf1 Qxc3 38. bxc3 Rd2 39. Kg1 b2 40. Be4 Re2 0-1

[Event "Early-Titled-Tuesday-Blitz-June-18-2024"]
[Site "Chess.com"]
[Date "2024.06.18"]
[Round "8"]
[White "AndrewMaco"]
[Black "AlexeiShirov"]
[Result "0-1"]
[WhiteElo "2698"]
[BlackElo "2876"]
[TimeControl "180+1"]
[EndTime "9:30:45 PDT"]
[Termination "AlexeiShirov won on time"]

1. e4 e5 2. Nf3 Nc6 3. Bb5 f5 4. d3 fxe4 5. dxe4 Nf6 6. O-O Bc5 7. Bxc6 bxc6 8. Nxe5 O-O 9. Nc3 Qe8 10. Nd3 Bd4 11. e5 Nd5 12. Nxd5 cxd5 13. Be3 Bxe5 14. Nxe5 Qxe5 15. Qd2 Bb7 16. Bd4 Qh5 17. Rfe1 d6 18. b4 Ba6 19. Re7 Rf7 20. Rae1 Bc4 21. a4 a6 22.
Rxf7 Qxf7 23. Qg5 h6 24. Qe7 Rf8 25. Qxf7+ Kxf7 26. f4 Rb8 27. c3 a5 28. b5 Bb3 29.
Ra1 Re8 30. Kf2 Re4 31. g3 g5 32.
fxg5 hxg5 33. b6 cxb6 34. Bxb6 Bxa4 35. Bxa5 Bb5 36. Re1 Ra4 37. Bb6 Ra2+ 38. Kg1 Bd3 39. Bd4 Be4 40. Rf1+ Ke6 41. Rf2 Ra8 42. Rf6+ Kd7 43. h4 Ra1+ 44. Kf2 Ra2+ 45. Kf1 gxh4 46.
gxh4 Rh2 47. Rh6 Kc6 48. Be5 Rh3 49. Rxd6+ Kc5 50. Rh6 Kc4 51. Kf2 Kd3 52. h5 Rf3+ 53. Kg1 Ke2 54. Rh8 Rh3 55. Bh2 Rxc3 56. Be5 Rh3 57.
Bh2 d4 58. Re8 Ke3 59. Re5 d3 0-1

[Event "Early-Titled-Tuesday-Blitz-June-18-2024"]
[Site "Chess.com"]
[Date "2024.06.18"]
[Round "8"]
[White "BardArtem"]
[Black "ManMish2"]
[Result "1-0"]
[WhiteElo "2844"]
[BlackElo "2656"]
[TimeControl "180+1"]
[EndTime "9:30:45 PDT"]
[Termination "BardArtem won on time"]

1. e4 e5 2. Nf3 Nc6 3. Nc3 Nf6 4. a4 d5 5. Bb5 d4 6. Ne2 Bd6 7. Bxc6+ bxc6 8. d3 c5 9. b3 O-O 10. O-O Ne8 11. Ng3 g6 12. Bh6 Ng7 13. Nd2 f6 14.
Nc4 Be6 15. f4 exf4 16. Bxf4 Bxf4 17. Rxf4 Qe7 18. Qd2 Bxc4 19. bxc4 Ne6 20. Rf2 Rab8 21. Raf1 Kg7 22. h4 h5 23. Rf5 Qd7 24. Rd5 Qxa4 25. Ne2 Rf7 26. Nf4 Nxf4 27. Qxf4 Qc6 28. e5 Rbf8 29.
Ra1 fxe5 30. Qxe5+ Kh7 31. Rxc5 Qd7 32. Rd5 Qc6 33.
Qxd4 Rf4 34. Rd7+ R8f7 35. Rxf7+ Rxf7 36. Qxa7 Qd6 37. Rf1 Rxf1+ 38. Kxf1 Qf4+ 39. Kg1 1-0

[Event "Early-Titled-Tuesday-Blitz-June-18-2024"]
[Site "Chess.com"]
[Date "2024.06.18"]
[Round "8"]
[White "AniJak"]
[Black "HanSchut"]
[Result "1-0"]
[WhiteElo "2345"]
[BlackElo "2235"]
[TimeControl "180+1"]
[EndTime "9:30:45 PDT"]
[Termination "AniJak won on time"]

1. e4 c5 2. Nf3 d6 3. d4 cxd4 4. Nxd4 Nf6 5. Nc3 a6 6. h3 e6 7. g4 d5 8. e5 Nfd7 9. Qe2 Nc6 10. Nxc6 bxc6 11. Bg2 a5 12. O-O Ba6 13. Qe3 Bxf1 14. Bxf1 Qb6 15. Qe2 h5 16. g5 h4 17. g6 fxg6 18. Qg4 O-O-O 19. Be3 Qc7 20. Qxe6 Bb4 21. Na4 Rde8 22. Qg4 Kb8 23. a3 Nxe5 24. Qg2 Bd6 25. Bb6 Qe7 26. Ba6 Rhf8 27. Be2 Qf6 28. Nc5 Bxc5 29.
Bxc5 Nf3+ 30. Bxf3 Qxf3 31. Bxf8 Rxf8 32. Qh2+ Kb7 33. Re1 Rf5 34. Re7+ Ka6 35. Qg2 Qd1+ 36. Qf1+ Qxf1+ 37. Kxf1 Kb5 38. Rxg7 Rg5 39. Rb7+ Kc5 40. b4+ axb4 41. Rxb4 Rf5 42. Rxh4 Rf3 43. a4 Rc3 44.
Rg4 Rxc2 45. Rxg6 Ra2 46. Rg4 d4 47. h4 Rxa4 48. h5 Ra7 49. Ke2 Rh7 50. Rg5+ Kc4 51.
f4 c5 52. Kd2 1-0

[Event "Early-Titled-Tuesday-Blitz-June-18-2024"]
[Site "Chess.com"]
[Date "2024.06.18"]
[Round "8"]
[White "pouya21"]
[Black "Korona_91"]
[Result "1-0"]
[WhiteElo "2856"]
[BlackElo "2676"]
[TimeControl "180+1"]
[EndTime "9:30:47 PDT"]
[Termination "pouya21 won by resignation"]

1. e4 e5 2. Nf3 Nc6 3. Bb5 a6 4. Ba4 Nf6 5. O-O Be7 6. Re1 b5 7. Bb3 O-O 8. a4 b4 9. d4 d6 10.
dxe5 Nxe5 11. Bf4 Ng6 12. Bg3 Bb7 13. Nbd2 Nd7 14. Nc4 Nc5 15. e5 Nxb3 16. cxb3 f5 17. exd6 cxd6 18. Bxd6 Bxd6 19. Qxd6 Qxd6 20. Nxd6 Bxf3 21.
gxf3 Rad8 22. Rad1 Nh4 23. Re6 Nxf3+ 24. Kg2 Ng5 25.
Ree1 f4 26. h4 Nf7 27. Nc4 g5 28. hxg5 Nxg5 29. Rxd8 Rxd8 30. Re5 h6 31. Ra5 f3+ 32. Kg3 Rd3 33. Rxa6 Ne4+ 34. Kf4 Nxf2 35. Rxh6 Nd1 36. Rh1 f2 37. a5 Rd7 38. Kf3 Kf8 39. Ke2 Kg7 40.
a6 Kg6 41. a7 Rxa7 42. Rxd1 Rf7 43. Rf1 Re7+ 44. Kxf2 Kf5 45. Re1 Rh7 46. Ke3 Rh3+ 47. Kd4 Rxb3 48. Re3 Rxe3 49. Nxe3+ Ke6 50. Kc4 1-0

[Event "Early-Titled-Tuesday-Blitz-June-18-2024"]
[Site "Chess.com"]
[Date "2024.06.18"]
[Round "8"]
[White "andrzej"]
[Black "gabduschew"]
[Result "0-1"]
[WhiteElo "2465"]
[BlackElo "2326"]
[TimeControl "180+1"]
[EndTime "9:30:47 PDT"]
[Termination "gabduschew won on time"]

1. e4 e5 2. Nf3 d5 3. exd5 e4 4.
Qe2 Nf6 5. d3 Qxd5 6. Nbd2 Bc5 7. dxe4 Qh5 8. Qb5+ c6 9. Qc4 Ng4 10. Nd4 Qh4 11. g3 Qf6 12. N4f3 Bxf2+ 13. Ke2 b6 14. e5 Qe7 15. h3 Ba6 16. hxg4 Bxc4+ 17. Nxc4 Bxg3 18. Bg5 f6 19. Be3 O-O 20. exf6 Qxf6 21. Bg2 b5 22. Ncd2 Nd7 23. Ne4 Qxb2 24. Nxg3 Rae8 25.
Nf1 Qxc2+ 26. N3d2 Nc5 27. Rh5 Qd3+ 28. Kd1 Rxe3 29. Nxe3 Qxe3 30. Rc1 Rd8 31. Rc2 Nd3 32. Bxc6 Nf2+ 33. Kc1 Qa3+ 34. Kb1 Nd3 35. Rxb5 Qd6 36. Rd5 Rb8+ 37. Nb3 Qg3 38. Rc3 Qe1+ 39. Kc2 Qe2+ 40.
Nd2 Nb4+ 41. Kb3 Nxd5+ 0-1

[Event "Early-Titled-Tuesday-Blitz-June-18-2024"]
[Site "Chess.com"]
[Date "2024.06.18"]
[Round "8"]
[White "patzer-reloaded"]
[Black "reniite"]
[Result "1-0"]
[WhiteElo "2461"]
[BlackElo "2281"]
[TimeControl "180+1"]
[EndTime "9:30:47 PDT"]
[Termination "patzer-reloaded won by checkmate"]

1. d4 d5 2. c4 c6 3. Nf3 Nf6 4. Nc3 e6 5. Bg5 Be7 6. e3 O-O 7. a3 Nbd7 8. Rc1 dxc4 9. Bxc4 Nb6 10. Ba2 Nbd5 11. O-O h6 12. Bxf6 Bxf6 13. Ne4 Be7 14. Qe2 a5 15. Rfd1 Qb6 16. Ne5 Nf6 17. Nc5 Rd8 18.
e4 Bf8 19. h4 Qc7 20. h5 b6 21. Ncd3 Bb7 22. Nf4 c5 23. Nxf7 Qxf4 24. Nxd8 Rxd8 25. Bxe6+ Kh8 26. dxc5 Rxd1+ 27. Rxd1 Bxe4 28. cxb6 Qg5 29. Bh3 Bc5 30. Qd2 Qxd2 31. Rxd2 Bxb6 32. g4 Nd5 33. Bg2 Bxg2 34. Kxg2 Nf4+ 35. Kf3 Ne6 36. Rd6 Nd4+ 37. Ke4 Bc5 38. Rxd4 Kh7 39. Rd5 Bxf2 40. Rxa5 Bg3 41. Rb5 Be1 42. a4 Bd2 43. a5 Bc1 44. a6 Be3 45. Rb7 Ba7 46. Rxa7 Kg8 47. Rb7 Kh8 48. a7 g5 49. a8=Q# 1-0

[Event "Early-Titled-Tuesday-Blitz-June-18-2024"]
[Site "Chess.com"]
[Date "2024.06.18"]
[Round "8"]
[White "LeRoidesChampions"]
[Black "esskeettit"]
[Result "1/2-1/2"]
[WhiteElo "2659"]
[BlackElo "2510"]
[TimeControl "180+1"]
[EndTime "9:30:48 PDT"]
[Termination "Game drawn by repetition"]

1. d4 d5 2. Nc3 Nf6 3. Bf4 e6 4. Nb5 Na6 5. e3 c6 6. Nc3 b6 7.
Nf3 Bb7 8. Ne5 Nb8 9. Bd3 Nbd7 10. O-O Nxe5 11. Bxe5 Nd7 12. Bg3 Be7 13. Ne2 O-O 14. Nf4 h6 15. c3 c5 16. Nh5 Nf6 17.
Be5 Nxh5 18. Qxh5 Qe8 19. Qg4 Bg5 20. f4 f5 21. Qh3 Bf6 22. g4 Qg6 23. Kh1 Qxg4 24.
Qxg4 fxg4 25. Rg1 h5 26. Bxf6 gxf6 27. f5 Kf7 28. Raf1 e5 29. Bb5 Rad8 30. h3 Rg8 31.
Be2 Rg5 32. hxg4 hxg4 33. Rxg4 Rh8+ 34. Kg2 Rhg8 35. Kg3 Bc8 36. dxe5 fxe5 37. e4 Kf6 38. exd5 Bxf5 39. Rxg5 Rxg5+ 40. Kf2 e4 41. Ke3 Ke5 42. c4 Rg3+ 43. Kd2 Rg2 44. Ke3 Rg3+ 45. Kd2 Rg2 46. Ke3 Rg3+ 1/2-1/2

[Event "Early-Titled-Tuesday-Blitz-June-18-2024"]
[Site "Chess.com"]
[Date "2024.06.18"]
[Round "8"]
[White "ilqar_74"]
[Black "Patricius007"]
[Result "1-0"]
[WhiteElo "2827"]
[BlackElo "2545"]
[TimeControl "180+1"]
[EndTime "9:30:49 PDT"]
[Termination "ilqar_74 won by checkmate"]

1. e4 d6 2. Nc3 Nf6 3. f4 c5 4. Nf3 Nc6 5. Bc4 e6 6. O-O Be7 7. d3 a6 8. a4 O-O 9. Qe1 Re8 10. Qg3 d5 11. Ba2 Nd4 12. e5 Nf5 13. Qh3 Nd7 14.
Ne2 Qb6 15. c3 d4 16. c4 Nf8 17. b3 Bd7 18. Bd2 Qc7 19. g4 Ne3 20. Bxe3 dxe3 21. Ne1 b5 22. Qxe3 bxa4 23. bxa4 Bxa4 24. Bb1 Bc6 25. Nf3 Qb7 26. Bc2 Red8 27. Rfb1 Qd7 28. Ng3 Rab8 29. Ne4 Rxb1+ 30. Rxb1 Bxe4 31. Qxe4 a5 32.
Rb7 Qe8 33. Ra7 Rb8 34. Rxa5 Rb2 35. Ba4 Qb8 36. Bb5 Rb1+ 37. Kg2 Rb2+ 38. Kg3 Qc7 39. Ra8 Bd8 40. Qc6 Qxc6 41. Bxc6 Be7 42. Ra7 Bd8 43. Be8 f6 44. Bf7+ Kh8 45. Ra8 Be7 46. Ra7 Bd8 47. Ra8 Be7 48. Bxe6 h5 49. gxh5 Kh7 50. Bf5+ Kh6 51.
Re8 Rb7 52. Be4 Rc7 53. Kg4 Ne6 54. Rh8# 1-0

[Event "Early-Titled-Tuesday-Blitz-June-18-2024"]
[Site "Chess.com"]
[Date "2024.06.18"]
[Round "8"]
[White "TimurDushatov"]
[Black "Sondremelaa"]
[Result "0-1"]
[WhiteElo "2387"]
[BlackElo "2615"]
[TimeControl "180+1"]
[EndTime "9:30:50 PDT"]
[Termination "Sondremelaa won on time"]

1. e4 e5 2. Nf3 Nc6 3. Bb5 Nge7 4.
O-O g6 5. c3 a6 6. Ba4 Bg7 7. d4 exd4 8. cxd4 b5 9. Bb3 O-O 10. Nc3 d6 11. Bg5 Bg4 12. Nd5 h6 13. Bxe7 Nxe7 14. Nxe7+ Qxe7 15. e5 dxe5 16. dxe5 Bxf3 17.
Qxf3 Qxe5 18. Rae1 Qxb2 19. Re7 Kh7 20. Rxc7 Qe5 21. Rxf7 Rxf7 22. Qxa8 Rf8 23. Qxa6 Qc5 24. h3 h5 25. Qe6 Bd4 26. Qe2 b4 27. Qc2 Qe5 28. Qd2 Bc3 29. Qd7+ Kh6 30. Qd3 Kg7 31. Bc2 Rf6 32. Kh1 Bd4 33. f4 Qc5 34. Qe4 h4 35. Rd1 Bb2 36. Rd7+ Kh6 37. Rd8 Bc1 38. Rg8 Qd6 39.
f5 Qg3 40. Rxg6+ Rxg6 41. fxg6 Be3 0-1

[Event "Early-Titled-Tuesday-Blitz-June-18-2024"]
[Site "Chess.com"]
[Date "2024.06.18"]
[Round "8"]
[White "jk13"]
[Black "XDPS"]
[Result "1/2-1/2"]
[WhiteElo "2705"]
[BlackElo "2868"]
[TimeControl "180+1"]
[EndTime "9:30:51 PDT"]
[Termination "Game drawn by repetition"]

1. e4 c5 2. c3 d6 3. d4 Nf6 4.
Bd3 Qc7 5. Nf3 Bg4 6. O-O Nbd7 7. Nbd2 e5 8. dxe5 dxe5 9. h3 Bh5 10. a4 Be7 11. Qe2 O-O 12. Nc4 Bxf3 13. Qxf3 h6 14. Ne3 Nh7 15. Nf5 Bf6 16. Bb5 Rad8 17. Be3 Nb8 18.
Bc4 Kh8 19. h4 Rfe8 20. g3 Nd7 21. Bxf7 Rf8 22. Bg6 b6 23. Rad1 Nb8 24. Qh5 Nc6 25.
Rxd8 Rxd8 26. Rd1 Rxd1+ 27. Qxd1 Nf8 28. Be8 Ne7 29. Qd6 Qc8 30. Nxe7 Qxe8 31. Nd5 Nh7 32. Bxh6 Bxh4 33. Bxg7+ Kxg7 34. gxh4 Qh5 35. Qe7+ Kg8 36. Nf6+ Nxf6 37. Qxf6 Qg4+ 38. Kh2 Qxe4 39. h5 Qxa4 40.
Qxe5 Qh4+ 41. Kg2 Kh7 42. Qf5+ Kg7 43. Qg6+ Kf8 44. h6 Qe7 45. f4 Qe2+ 46. Kg3 Qe1+ 47.
Kg4 Qe2+ 48. Kg5 Qg2+ 49. Kf6 Qc6+ 50. Kf5 Qd5+ 51. Kg4 Qg2+ 52. Kh4 Qh2+ 53. Kg5 Qg2+ 54. Kf5 Qd5+ 55. Kg4 Qg2+ 56. Kf5 Qd5+ 1/2-1/2